 Dungeon Crawl Stone Soup version 0.22-a0-392-g5dc3fd9 (webtiles) character file.

57 KristoblXynda the Conjurer (level 3, 0/26 HPs)
             Began as a Draconian Conjurer on May 2, 2018.
             Slain by Ijyb
             ... wielding a +0 club
              (7 damage)
             ... on level 2 of the Dungeon.
             The game lasted 00:04:02 (1894 turns).

KristoblXynda the Conjurer (Draconian Conjurer)     Turns: 1894, Time: 00:04:03

Health: 0/26       AC:  5    Str: 10    XL:     3   Next: 73%
Magic:  0/7        EV: 12    Int: 16    God:
Gold:   63         SH:  0    Dex: 11    Spells: 7/8 levels left

rFire    . . .     SeeInvis .   c - +0 dagger
rCold    . . .     Gourm    .   (no shield)
rNeg     . . .     Faith    .   (armour unavailable)
rPois    .         Spirit   .   (helmet restricted)
rElec    .         Reflect  .   (no cloak)
rCorr    .         Harm     .   (no gloves)
MR       .....                  (no boots)
Stlth    ++........             (no amulet)
HPRegen  0.08/turn              (no ring)
MPRegen  0.10/turn              (no ring)

@: hasted, very quick
A: unfitting armour, cold-blooded, AC +5
a: no special abilities


You were on level 2 of the Dungeon.
You were not hungry.

You visited 1 branch of the dungeon, and saw 2 of its levels.

You collected 63 gold pieces.

Inventory:

Hand Weapons
 c - a +0 dagger (weapon)
Scrolls
 a - a scroll of teleportation {unknown}
 d - 2 scrolls of magic mapping {unknown}
 e - a scroll of remove curse {unknown}
 f - a scroll of immolation {unknown}
Comestibles
 b - 5 rations


   Skills:
 - Level 1.7 Dodging
 - Level 1.7 Stealth
 + Level 3.0 Spellcasting
 + Level 4.7 Conjurations


You had 7 spell levels left.
You knew the following spells:

 Your Spells              Type           Power        Failure   Level  Hunger
a - Magic Dart            Conj           ###.         2%          1    #......


Dungeon Overview and Level Annotations

Branches:
Dungeon (2/15)

Altars:
Okawaru

Annotations:
D:2 Ijyb


Innate Abilities, Weirdness & Mutations

Your plain brown scales are hard. (AC +5)
You cannot fit into any form of body armour.
You are cold-blooded and may be slowed by cold attacks.


Message History

Ijyb is moderately wounded.
You closely miss Ijyb.
Ijyb is moderately wounded.
Ijyb hits you with a club.
You hit Ijyb but do no damage. You tail-slap Ijyb.
Ijyb is moderately wounded.
You hit Ijyb but do no damage.
Ijyb is moderately wounded.
Ijyb hits you with a club.
* * * LOW HITPOINT WARNING * * *
Casting: Magic Dart (safe; 2% risk of failure)
Confirm with . or Enter, or press ? or * to list all spells.
Aiming: Magic Dart (safe; 2% risk of failure)
Press: ? - help, Shift-Dir - straight line, f/p - Ijyb
Aim: Ijyb, wielding a club, wearing a scale mail and carrying a wand of digging (10) (moderately wounded)
The magic dart hits Ijyb.
Ijyb is moderately wounded.
Ijyb screams, "It's all mine!"
Ijyb hits you with a club!
You die...

###....#...#######.#
#.........#........#
###.######.##########.#
#.8 ###.# #.# #.# ...
#...######.### #.# ...
#.......>....# #.# #...
#####..#####.#
####.####.... ## #..#
#.#####.##.##..#... .#
#..#
#.@gggg....#.#....8 .#
#..#
#.####.....†..g..## .#
#..#####.#
#.###.....##.#
.#######........# #.#
####.## #
.†...........#######.#
#.#####
#######..............#
#......
#...############
####### #####


You could see Ijyb and 3 goblins.

Vanquished Creatures
  2 adders (D:2)
  A dart slug (D:1)
  A leopard gecko (D:1)
  3 bats (D:1)
  A giant cockroach (D:1)
  4 hobgoblins
  3 jackals (D:1)
  A quokka (D:2)
  6 frilled lizards
  7 goblins
  2 kobolds
  4 rats (D:2)
35 creatures vanquished.

Notes
Turn   | Place    | Note
-------+----------+-------------------------------------------
     0 | D:1      | KristoblXynda the Draconian Conjurer began the quest for the Orb.
     0 | D:1      | Reached XP level 1. HP: 14/14 MP: 3/3
   353 | D:1      | Reached XP level 2. HP: 17/20 MP: 0/5
  1423 | D:2      | Reached XP level 3. HP: 26/26 MP: 1/7
  1708 | D:2      | Found an iron altar of Okawaru.
  1826 | D:2      | Noticed Ijyb
  1894 | D:2      | Slain by Ijyb

Vault maps used:
D:1:      lightli_arrival_statue_moat
D:2:      kennysheep_the_goblin_king, yredelemnul_forgotten_temple_becter,
          okawaru_gym_becter, uniq_crazy_yiuf_cottage, uniq_terence

Skill      XL: |  1  2  3 |
---------------+----------+-----
Spellcasting   | 3 |  3.0
Dodging        | |  1.7
Stealth        | |  1.7
Conjurations   | |  4.7

Action                   || total
-------------------------++-------
Melee: Unarmed           ||    25
       Tailslap          ||    11
       Dagger            ||    74
 Cast: Magic Dart        ||    70
  Use: Potion            ||     1
  Eat: Ration            ||     1
Armor: Skin              ||    33
Dodge: Dodged            ||    54

Table legend:
 A = Spawn XP
 B = Non-spawn XP
 C = Spawn XP percentage of total XP
 D = Spawn monster count
 E = Non-spawn monster count
 F = Spawn count percentage of total count
 G = Total turns spent on level
                    A         B        C        D         E        F      G
               +---------+---------+-------+---------+---------+-------+---------
         Total |       0 |      82 |   0.0 |       0 |      35 |   0.0 |  1894
               +---------+---------+-------+---------+---------+-------+---------
           D:1 |       0 |      32 |   0.0 |       0 |      17 |   0.0 |  1212
           D:2 |       0 |      50 |   0.0 |       0 |      18 |   0.0 |   682
               +---------+---------+-------+---------+---------+-------+---------
